 Dungeon Crawl Stone Soup version 0.21.1-1-g345015f (webtiles) character file.

5102 Lilu the Thaumaturge (level 10, 0/64 HPs)
             Began as a Deep Elf Conjurer on July 28, 2018.
             Slain by a black bear (3 damage)
             ... on level 7 of the Dungeon.
             The game lasted 00:36:55 (9687 turns).

Lilu the Thaumaturge (Deep Elf Conjurer)            Turns: 9687, Time: 00:36:56

Health: 0/64       AC:  8    Str: 10    XL:     10   Next: 32%
Magic:  3/26       EV: 14    Int: 21    God:
Gold:   365        SH:  0    Dex: 16    Spells: 23/30 levels left

rFire    . . .     SeeInvis .   F - +9 flail of Zohucwus {venom, rC++ Str+3 Stlth+}
rCold    + + .     Gourm    .   (no shield)
rNeg     . . .     Faith    .   a - +0 robe
rPois    .         Spirit   .   (no helmet)
rElec    .         Reflect  .   h - +2 cloak
rCorr    .         Harm     .   s - +0 pair of gloves
MR       +....                  G - +1 pair of boots
Stlth    +++.......             g - amulet of rage
HPRegen  0.20/turn              B - ring of wizardry
MPRegen  0.20/turn              (no ring)

@: no status effects
A: no striking features
a: Evoke Berserk Rage


You were on level 7 of the Dungeon.
You were not hungry.

You visited 2 branches of the dungeon, and saw 9 of its levels.

You collected 365 gold pieces.

Inventory:

Hand Weapons
 F - the +9 flail of Zohucwus (weapon) {venom, rC++ Str+3 Stlth+}
   (You found it on level 7 of the Dungeon)

   It poisons the flesh of those it strikes.
   It affects your strength (+3).
   It greatly protects you from cold.
   It makes you more stealthy.
Missiles
 y - 109 arrows
 H - 6 poisoned javelins (quivered)
Armour
 a - a +0 robe (worn)
 h - a +2 cloak (worn)
 p - a +0 leather armour of fire resistance
 s - a +0 pair of gloves (worn)
 v - a cursed +0 scale mail
 G - a +1 pair of boots (worn)
Magical Staves
 D - an uncursed staff of fire
Jewellery
 g - an amulet of rage (around neck)
 B - a ring of wizardry (left hand)
 K - an uncursed ring of fire {unknown}
Wands
 f - a wand of disintegration (21)
 m - a wand of flame (18)
 t - a wand of acid (9)
 u - a wand of polymorph (16)
 I - a wand of digging (17)
 N - a wand of random effects (20)
Scrolls
 k - 3 scrolls of remove curse
 n - 2 scrolls of teleportation
 o - 3 scrolls of amnesia
 q - a scroll of noise {unknown}
 r - 2 scrolls of magic mapping
 w - 3 scrolls of immolation
 A - a scroll of blinking
 L - a scroll of enchant weapon {unknown}
Potions
 d - 10 potions of curing
 e - 2 potions of lignification
 i - 2 potions of flight
 l - 2 potions of haste {unknown}
 x - 2 potions of berserk rage {unknown}
 z - 3 potions of resistance
 C - a potion of ambrosia {unknown}
 E - a potion of cancellation {unknown}
 J - 2 potions of magic {unknown}
Books
 b - a book of Conjurations

   Spells                             Type                      Level
   a - Magic Dart                     Conjuration                  1
   b - Searing Ray                    Conjuration                  2
   c - Dazzling Spray                 Conjuration/Hexes            3
   d - Fulminant Prism                Conjuration/Hexes            4
   e - Force Lance                    Conjuration/Translocation    4
   f - Iskenderun's Mystic Blast      Conjuration                  4
 j - a book of Changes

   Spells                             Type                      Level
   a - Beastly Appendage              Transmutation                1
   b - Sticks to Snakes               Transmutation                2
   c - Spider Form                    Transmutation/Poison         3
   d - Ice Form                       Ice/Transmutation            4
   e - Blade Hands                    Transmutation                5
Comestibles
 c - 11 rations


   Skills:
 - Level 8.2 Fighting
 - Level 4.1 Dodging
 - Level 2.4 Stealth
 + Level 10.5 Spellcasting
 - Level 10.1 Conjurations


You had 23 spell levels left.
You knew the following spells:

 Your Spells              Type           Power        Failure   Level  Hunger
a - Magic Dart            Conj           ####         1%          1    None
b - Searing Ray           Conj           ######       1%          2    None
c - Iskenderun's Mystic   Conj           ######..     1%          4    ##.....


Dungeon Overview and Level Annotations

Branches:
Dungeon (8/15)             Temple (1/1) D:4
   Lair: D:8-11

Altars:
Ashenzari
Cheibriados
Dithmenos
Elyvilon
Fedhas
Gozag
Hepliaklqana
Kikubaaqudgha
Makhleb
Nemelex Xobeh
Okawaru
Qazlal
Ru
Sif Muna
Trog
Uskayaw
Wu Jian
Xom
Yredelemnul
Zin
The Shining One

Shops:
D:5 %   D:6 [

Annotations:
D:8 Maurice


Message History

The black bear closely misses you. The sky beast closely misses you.
Casting: Iskenderun's Mystic Blast
Confirm with . or Enter, or press ? or * to list all spells.
Aiming: Iskenderun's Mystic Blast
Press: ? - help, Shift-Dir - straight line, f/p - sky beast
Aim: a sky beast (severely wounded)
The orb of energy misses the sky beast.
The orb of energy explodes!
The black bear misses you. The black bear claws you.
* * * LOW HITPOINT WARNING * * *
The black bear closely misses you. The sky beast closely misses you.
The black bear bites you.
* * * LOW HITPOINT WARNING * * *
The black bear closely misses you. The black bear misses you.
The sky beast hits you but does no damage.
The black bear bites you.
* * * LOW HITPOINT WARNING * * *
The black bear claws you.
* * * LOW HITPOINT WARNING * * *
The black bear claws you.
You die...

.........#....#.#...#.....#...#
............###.#...#.....#...#
.........#####..#...##...##...#
.........# #..#....#...#....###
.........## ##..##...#...#...###.
..........###...##...##......##..
#######.#.##....>#)...#...)÷.#...
#.#......Yh#)...####..⌠#.#.
##.........@#.......#####...
######...........##.........##...
.................<#.........#....
######...........###.......####<#
##..#..........#.......# #.#
#..##..........##.....#####.#
##.##........#.###...##....[#
#..##.......>#............#..
#.###........##.........[.#..


You could see a black bear (berserk) and a sky beast.

Vanquished Creatures
  2 two-headed ogres (D:8)
  Prince Ribbit (D:6)
  A hippogriff (D:8)
  Eustachio (D:6)
  Grum (D:8)
  Edmund (D:5)
  2 orc warriors (D:6)
  2 ice beasts (D:7)
  A black bear (D:8)
  4 ogres
  A necrophage (D:6)
  4 centaurs
  3 wolves (D:8)
  2 bullfrogs
  Blork the orc (D:5)
  A wyvern skeleton (D:8)
  3 wights (D:7)
  2 howler monkeys
  4 crimson imps
  A centaur skeleton (D:4)
  5 orc priests
  7 orc wizards
  A hound (D:7)
  5 jellies
  Jessica (D:2)
  3 iguanas
  2 worker ants
  A killer bee zombie (D:7)
  A hound zombie (D:5)
  2 hound skeletons
  3 worker ant zombies
  8 gnolls
  7 adders
  A shadow imp (D:8)
  An ooze (D:2)
  An adder zombie (D:5)
  2 adder skeletons
  4 worms
  4 dart slugs
  5 leopard geckos
  25 orcs
  8 bats
  7 giant cockroaches
  5 goblins
  8 hobgoblins
  3 jackals (D:5)
  6 kobolds
  4 quokkas
  2 ball pythons
  2 frilled lizards
  A leopard gecko skeleton (D:5)
  2 quokka zombies
  7 rats
182 creatures vanquished.

Notes
Turn   | Place    | Note
-------+----------+-------------------------------------------
     0 | D:1      | Lilu the Deep Elf Conjurer began the quest for the Orb.
     0 | D:1      | Reached XP level 1. HP: 10/10 MP: 6/6
    92 | D:1      | Reached skill level 5 in Conjurations
    92 | D:1      | Reached XP level 2. HP: 15/15 MP: 2/8
   202 | D:1      | Reached XP level 3. HP: 12/19 MP: 2/9
   892 | D:2      | Reached XP level 4. HP: 24/24 MP: 7/10
   899 | D:2      | Noticed Jessica
   906 | D:2      | Killed Jessica
   942 | D:2      | Learned a level 2 spell: Searing Ray
  1502 | D:3      | Reached XP level 5. HP: 26/28 MP: 6/11
  2168 | D:4      | Reached XP level 6. HP: 29/32 MP: 2/12
  2355 | D:4      | Found a staircase to the Ecumenical Temple.
  2367 | Temple   | Entered the Ecumenical Temple
  2913 | D:4      | Reached skill level 1 in Fighting
  3178 | D:4      | Found a glowing golden altar of the Shining One.
  3190 | D:4      | Found a stormy altar of Qazlal.
  3418 | D:5      | Entered Level 5 of the Dungeon
  3440 | D:5      | Reached XP level 7. HP: 19/38 MP: 8/13
  3983 | D:5      | Learned a level 4 spell: Iskenderun's Mystic Blast
  4419 | D:5      | Found a shimmering altar of Xom.
  4419 | D:5      | Found a shimmering altar of Xom.
  4419 | D:5      | Found a shimmering altar of Xom.
  4420 | D:5      | Found a shimmering altar of Xom.
  4420 | D:5      | Found a shimmering altar of Xom.
  4442 | D:5      | Found Gacil's Food Boutique.
  4576 | D:5      | Noticed Edmund
  4595 | D:5      | Reached skill level 5 in Spellcasting
  4599 | D:5      | Killed Edmund
  4976 | D:5      | Noticed Blork the orc
  4982 | D:5      | Killed Blork the orc
  4982 | D:5      | Reached XP level 8. HP: 39/44 MP: 12/20
  5218 | D:6      | Found a white marble altar of Elyvilon.
  5440 | D:6      | Noticed Prince Ribbit
  5759 | D:6      | Noticed Eustachio
  6055 | D:6      | Killed Eustachio
  6237 | D:6      | Reached skill level 10 in Conjurations
  6453 | D:6      | Found Botzautt's Antique Armour Shop.
  6490 | D:6      | Reached skill level 5 in Fighting
  6490 | D:6      | Reached XP level 9. HP: 10/54 MP: 14/23
  6876 | D:7      | HP: 2/54 [acid (15)]
  7834 | D:7      | Got a brightly glowing flail
  7835 | D:7      | Identified the +9 flail of Zohucwus {venom, rC++ Str+3 Stlth+} (You found it on level 7 of the Dungeon)
  8093 | D:7      | Found a deep blue altar of Sif Muna.
  8333 | D:6      | Killed Prince Ribbit
  8373 | D:8      | Noticed a two-headed ogre
  8379 | D:8      | Killed a two-headed ogre
  8396 | D:8      | Noticed a two-headed ogre
  8849 | D:7      | Reached XP level 10. HP: 22/64 MP: 2/24
  9030 | D:8      | Killed a two-headed ogre
  9391 | D:8      | Noticed Grum
  9395 | D:8      | Killed Grum
  9411 | D:8      | Reached skill level 10 in Spellcasting
  9574 | D:8      | Noticed Maurice
  9687 | D:7      | HP: 3/64 [black bear (6)]
  9687 | D:7      | Slain by a black bear

Skill      XL: |  1  2  3  4  5  6  7  8  9 10 |
---------------+-------------------------------+-----
Conjurations   | 5 6 7 8 9 10 | 10.1
Fighting       | 1 2 5 8 |  8.2
Spellcasting   | 7 8 10 | 10.5
Dodging        | 4 |  4.1
Stealth        | |  2.4

Action                   |  1- 3 |  4- 6 |  7- 9 | 10-12 || total
-------------------------+-------+-------+-------+-------++-------
Melee: Hand axe          |    42 |    31 |       |       ||    73
       Dagger            |       |    75 |    28 |       ||   103
       Dire flail        |       |       |    40 |       ||    40
       Flail             |       |       |    22 |     6 ||    28
       Staff             |       |       |    12 |       ||    12
 Cast: Magic Dart        |    47 |    41 |    86 |       ||   174
       Searing Ray       |       |    13 |    36 |     7 ||    56
       Iskenderun's Myst |       |       |    27 |    13 ||    40
  Use: Scroll            |     3 |     7 |     3 |       ||    13
 Stab: Sleeping          |     2 |     2 |     6 |       ||    10
  Eat: Chunk             |       |     8 |     6 |       ||    14
       Ration            |       |       |     4 |     1 ||     5
Armor: Robe              |    16 |    27 |    54 |    15 ||   112
Dodge: Dodged            |    32 |    68 |   145 |    60 ||   305
